 Dungeon Crawl Stone Soup version 0.30.2 (webtiles) character file.

Game seed: 7996123156861707584

74 porpoise the Caller (level 4, -2/24 HPs)
             Began as a Tengu Summoner on Feb 17, 2024.
             Slain by a gnoll
             ... wielding a +0 whip
             ... led by a gnoll bouda
              (8 damage)
             ... on level 2 of the Dungeon.
             The game lasted 00:05:56 (2154 turns).

porpoise the Caller (Tengu Summoner)                Turns: 2154, Time: 00:05:56

Health: -2/24      AC:  2    Str:  8    XL:     4   Next: 28%
Magic:  7/9        EV: 12    Int: 18    God:
Gold:   119        SH:  0    Dex: 14    Spells: 3/9 levels left

rFire   . . .        a - +0 short sword
rCold   . . .        (no shield)
rNeg    . . .        k - +0 robe
rPois   .            (helmet restricted)
rElec   .            (no cloak)
rCorr   .            (no gloves)
SInv    .            (boots unavailable)
Will    .....        (no amulet)
Stlth   ++           (no ring)
HPRegen 0.24/turn    (no ring)
MPRegen 0.11/turn

%: no passive effects
@: weakened
A: beak, talons 3
a: no special abilities


You were on level 2 of the Dungeon.
You visited 1 branch of the dungeon, and saw 3 of its levels.

You collected 119 gold pieces.

Inventory:

Hand Weapons
 a - a +0 short sword (weapon)
 b - a +0 sling
Missiles
 h - 6 boomerangs of dispersal
Armour
 k - a +0 robe (worn)
Scrolls
 d - a scroll of identify {unknown}
 f - a scroll of teleportation {unknown}
 l - a scroll of noise {unknown}
 n - a scroll of magic mapping {unknown}
 o - a scroll of silence {unknown}
 p - a scroll of blinking {unknown}
Potions
 c - 2 potions of might {unknown}
 e - a potion of curing {unknown}
 g - 2 potions of flight {unknown}
 i - a potion of lignification {unknown}
 j - 3 potions of attraction {unknown}
 m - a potion of magic


   Skills:
 - Level 2.1 Dodging
 + Level 2.7 Stealth
 * Level 3.0 Spellcasting
 * Level 5.7 Summonings


You had 3 spell levels left.
You knew the following spells:

 Your Spells              Type           Power      Damage    Failure   Level
a - Summon Small Mammal   Summ           92%        N/A       1%          1
b - Call Imp              Summ           46%        N/A       2%          2
c - Call Canine Familiar  Summ           23%        N/A       4%          3

Your spell library contained the following spells:

 Spells                   Type           Power      Damage    Failure   Level
 Summon Guardian Golem    Hex/Summ       13%        N/A       16%         3
 Summon Lightning Spire   Summ/Air       13%        N/A       45%         4


Dungeon Overview and Level Annotations

Branches:
Dungeon (3/15)

Altars:

Annotations:
D:2 2 exclusions, Sigmund


Innate Abilities, Weirdness & Mutations

You have a beak for a mouth.
You have claws for feet.


Message History

The hobgoblin is almost dead.
The hobgoblin closely misses you.
You hit the hobgoblin.
You kill the hobgoblin!
You start resting.
HP restored.
Partly explored, can't reach some places.
(D) Dungeon
Where to? (Enter - D:2, ? - help)
There is a stone staircase leading down here.
You climb downwards.
Found a scroll labelled SAOFOEZX YVOICURGH and a dagger.
There is a stone staircase leading up here.
There are monsters nearby!
A gnoll bouda and 2 gnolls come into view.
The gnoll bouda shouts!
The gnoll shouts! x2
The gnoll closely misses you.
The gnoll shouts!
You hear an angry hiss.
You completely miss the gnoll.
The gnoll shouts!
Your kick misses the gnoll. The gnoll hits you with a +0 whip.
The gnoll hits you with a +0 whip!
Unknown command.
The gnoll attacks as you move away! The gnoll hits you with a +0 whip.
The gnoll attacks as you move away! The gnoll hits you with a +0 whip.
There is a stone staircase leading up here.
The gnoll hits you with a +0 whip.
* * * LOW HITPOINT WARNING * * *
The gnoll bouda gazes fiercely through you!
You feel your attacks grow feeble.
You climb upwards.
Level annotation: 2 exclusions, Sigmund
There is a stone staircase leading down here.
Casting: Summon Small Mammal (safe; 1% risk of failure)
Confirm with . or Enter, or press ? or * to list all spells.
The gnoll misses you.
Casting: Summon Small Mammal (safe; 1% risk of failure)
Confirm with . or Enter, or press ? or * to list all spells.
The gnoll hits you with a +0 whip!
You die...

#..........#..#
#.########.#..############
#.#........#......).......
####..†....#...#.###########.
#....#.###.#..#.....# #.
#....#.....#..#.....########.
#....###.#.#.................
#....###.#.##g.#.......#####.
#.........rr@.......##.#####.
##...###.#.#.#...............
#.....#.#.#.#.#..#..#.#####.
#.....#.#.#.#.#..#....# #.
#.....#.#.#.#.#..#.#..#####.
#.....#.#........#.#....)...
#.....#..........#.##.####..
#.....................# #..
#...[.#.########......# #..


You could see a gnoll (ally target), a friendly quokka (summoned) and a friendly
rat (summoned).

Vanquished Creatures
  An adder (D:2)
  3 dart slugs (D:2)
  An endoplasm (D:1)
  3 goblins
  3 hobgoblins
  4 ball pythons
  2 bats (D:2)
  A frilled lizard (D:2)
  6 rats
24 creatures vanquished.

Vanquished Creatures (collateral kills)
  3 adders (D:2)
  3 bats
  An endoplasm (D:2)
  A goblin (D:2)
  2 kobolds
  A rat (D:1)
11 creatures vanquished.

Grand Total: 35 creatures vanquished

Notes
Turn   | Place    | Note
-------+----------+-------------------------------------------
     0 | D:1      | porpoise the Tengu Summoner began the quest for the Orb.
     0 | D:1      | Reached XP level 1. HP: 10/10 MP: 4/4
   182 | D:1      | Found a faded altar of an unknown god.
   263 | D:1      | Reached skill level 5 in Summonings
   265 | D:1      | Reached XP level 2. HP: 15/15 MP: 3/6
   393 | D:1      | Learned a level 2 spell: Call Imp
   878 | D:2      | Reached XP level 3. HP: 19/19 MP: 1/7
  1471 | D:2      | Reached XP level 4. HP: 9/24 MP: 6/9
  1770 | D:2      | Learned a level 3 spell: Call Canine Familiar
  2029 | D:2      | Noticed Sigmund
  2154 | D:2      | Slain by a gnoll

Illustrated notes

Levels and vault maps discovered:
D:1:      dpeg_arrival_chambers_temple_mockup, layout_rooms,
          hellmonk_ecumenical_altar_zigzags
D:2:      layout_basic, uniq_sigmund
D:3:      layout_loops_ring, gammafunk_temple_of_torment

Skill      XL: |  1  2  3  4 |
---------------+-------------+-----
Summonings     | 5 |  5.7
Spellcasting   | 3 |  3.0
Dodging        | |  2.1
Stealth        | |  2.7

Action                     |  1- 3 |  4- 6 || total
---------------------------+-------+-------++-------
  Melee: Unarmed           |     7 |       ||     7
         Kick              |     9 |     5 ||    14
         Dagger            |    23 |     3 ||    26
         Peck              |     4 |       ||     4
         Short sword       |       |     5 ||     5
   Fire: Sling             |    32 |     7 ||    39
   Cast: Summon Small Mamm |    19 |     8 ||    27
         Call Imp          |     3 |       ||     3
   Stab: Distracted        |     1 |       ||     1
 Armour: Robe              |     6 |     2 ||     8
  Dodge: Dodged            |    29 |    12 ||    41
